 Dungeon Crawl Stone Soup version 0.26-b1-57-gb162d0664a (webtiles) character file.

Game seed: 15152969774764698758

212 Gauvater the Covert (level 5, 0/35 HPs)
             Began as an Octopode Brigand on Jan 8, 2021.
             Slain by an adder (1 damage)
             ... on level 2 of the Dungeon.
             The game lasted 00:15:06 (2049 turns).

Gauvater the Covert (Octopode Brigand)              Turns: 2049, Time: 00:15:09

Health: 0/35       AC:  1    Str: 12    XL:     5   Next: 89%
Magic:  5/5        EV: 13    Int: 13    God:
Gold:   74         SH:  0    Dex: 13    Spells: 4/4 levels left

rFire    . . .     SeeInvis .   o - -3 hunting sling (curse)
rCold    . . .     Faith    .   (no shield)
rNeg     . . .     Spirit   .   (helmet restricted)
rPois    .         Reflect  .   (no amulet)
rElec    .         Harm     .   h - ring of wizardry
rCorr    .         Rampage  .   (no ring)
Will     .....                  (no ring)
Stlth    +++++.....             (no ring)
HPRegen  0.11/turn              (no ring)
MPRegen  0.09/turn              (no ring)
                                (no ring)
                                (no ring)

@: lethally poisoned (0 -> -9)
A: almost no armour, stealthy swim, amphibious, 8 rings, constrict 8, camouflage
1, gelatinous body 1
a: no special abilities


You were on level 2 of the Dungeon.
You visited 1 branch of the dungeon, and saw 2 of its levels.

You collected 74 gold pieces.

Inventory:

Hand Weapons
 a - a +3 dagger
 g - a +2 dagger
 m - a +0 antimagic dagger
 o - a cursed -3 hunting sling (weapon)
Missiles
 b - 6 poisoned darts
 c - 2 curare-tipped darts
 j - 69 stones (quivered ammo)
Jewellery
 h - a ring of wizardry (left tentacle)
Scrolls
 d - a scroll of teleportation {unknown}
 i - 2 scrolls of identify
 n - 3 scrolls of magic mapping
Potions
 k - 2 potions of might {unknown}
 l - 2 potions of berserk rage {unknown}


   Skills:
 + Level 2.4 Fighting
 + Level 3.2 Short Blades
 + Level 0.3(1.6) Slings
 + Level 2.5 Throwing
 + Level 1.3 Dodging
 + Level 8.0 Stealth


You had 4 spell levels left.
You didn't know any spells.
Your spell library was empty.

Dungeon Overview and Level Annotations

Branches:
Dungeon (2/15)

Altars:
Ashenzari
Makhleb
Xom


Innate Abilities, Weirdness & Mutations

You cannot wear most types of armour.
You are very stealthy in the water. (Stealth+)
You are amphibious.
You can wear up to eight rings at the same time.
You can use your tentacles to constrict eight enemies at once.
Your skin changes colour to match your surroundings (Stealth+).
Your rubbery body absorbs attacks. (AC +1, EV +1)


Message History

Fire: 72 stones
Press: ? - help, Q - select action, (/) - cycle Shift-Dir - straight line, f/p - adder
Aim: an adder (moderately wounded)
You shoot a stone. The stone hits the adder.
The adder is heavily wounded.
* * * LOW HITPOINT WARNING * * *
You feel sick. The adder barely misses you.
Fire: 71 stones
Press: ? - help, Q - select action, (/) - cycle Shift-Dir - straight line, f/p - adder
Aim: an adder (heavily wounded)
You shoot a stone. The stone misses the adder.
* * * LOW HITPOINT WARNING * * *
You feel sick. The adder barely misses you.
Fire: 70 stones
Press: ? - help, Q - select action, (/) - cycle Shift-Dir - straight line, f/p - adder
Aim: an adder (heavily wounded)
You shoot a stone. The stone completely misses the adder.
* * * LOW HITPOINT WARNING * * *
You feel sick. The adder bites you.
You die...

#.# .(. #.# .(. #.# ... #.# #(#
#.# #.# #.## ##.# #(# #..## ...
##S## ##.#.## #.# ##.@.##
##.###.# #.## ##.....## #.##
##. #..## ##.......## ##..###.#
##...####.........####....#.##
##.......'.........†...........
#.....####.........####...#.###
#.##.## ##.......## ##....#
#†#### ##.....## #.####
#.###########...## #.#


You could see an adder.

Vanquished Creatures
  Jessica (D:2)
  A worker ant (D:2)
  Robin (D:2)
  3 gnolls (D:2)
  6 adders (D:2)
  4 dart slugs
  2 leopard geckos
  A ball python (D:1)
  5 bats
  2 giant cockroaches
  10 goblins
  8 hobgoblins
  8 kobolds
  A frilled lizard (D:1)
  11 rats
64 creatures vanquished.

Vanquished Creatures (others)
  A fungus (D:1)
1 creature vanquished.

Grand Total: 65 creatures vanquished

Notes
Turn   | Place    | Note
-------+----------+-------------------------------------------
     0 | D:1      | Gauvater the Octopode Brigand began the quest for the Orb.
     0 | D:1      | Reached XP level 1. HP: 14/14 MP: 1/1
   146 | D:1      | Reached XP level 2. HP: 19/19 MP: 2/2
   154 | D:1      | Reached skill level 6 in Stealth
   495 | D:1      | Reached XP level 3. HP: 23/24 MP: 3/3
   691 | D:2      | Found a burning altar of Makhleb.
   693 | D:2      | Found a hide-covered altar of Uskayaw.
   693 | D:2      | Found a shimmering altar of Xom.
   698 | D:2      | Found a hide-covered altar of Uskayaw.
   698 | D:2      | Found a sparkling altar of Nemelex Xobeh.
   698 | D:2      | Found a shimmering altar of Xom.
   858 | D:2      | Noticed Jessica
   862 | D:2      | Found a broken altar of Ashenzari.
   881 | D:2      | Reached skill level 7 in Stealth
   881 | D:2      | Reached XP level 4. HP: 29/29 MP: 4/4
  1003 | D:2      | Noticed Robin
  1013 | D:2      | Killed Robin
  1241 | D:2      | Reached XP level 5. HP: 26/34 MP: 5/5
  1436 | D:2      | Killed Jessica
  1558 | D:2      | Found a burning altar of Makhleb.
  1692 | D:2      | Reached skill level 8 in Stealth
  2049 | D:2      | HP: 1/35 [poisoned by an adder]
  2049 | D:2      | Slain by an adder

Illustrated notes

Levels and vault maps discovered:
D:1:      wander_arrival_fairy_ring, layout_basic, minmay_misc_feat_room
D:2:      layout_loops_corners, evilmike_ruin_ashenzari, marbit_many_paths,
          doesnt_xom_only_xom, uniq_jessica, uniq_robin

Skill      XL: |  1  2  3  4  5 |
---------------+----------------+-----
Stealth        | 6 7 8 |  8.0
Short Blades   | 3 |  3.2
Fighting       | |  2.4
Slings         | |  0.3
Throwing       | |  2.5
Dodging        | |  1.3

Action                   |  1- 3 |  4- 6 || total
-------------------------+-------+-------++-------
Melee: Dagger            |    54 |    59 ||   113
       Constrict         |    15 |    15 ||    30
       Tentacles         |     6 |    13 ||    19
 Fire: Hunting sling     |       |    44 ||    44
Throw: Dart              |     6 |       ||     6
  Use: Scroll            |       |     4 ||     4
 Stab: Sleeping          |     7 |     3 ||    10
       Distracted        |       |     1 ||     1
Armor: Skin              |     5 |     4 ||     9
Dodge: Dodged            |    44 |    50 ||    94
